 Dungeon Crawl Stone Soup version 0.21-a0-95-g06f091e (webtiles) character file.

1717 Ordine the Conjurer (level 8, -2/41 HPs)
             Began as a Deep Elf Wizard on July 4, 2017.
             Was an Initiate of Sif Muna.
             Hit by a javelin of returning thrown by a centaur (9 damage)
             ... in a bailey.
             The game lasted 00:29:17 (7491 turns).

Ordine the Conjurer (Deep Elf Wizard)               Turns: 7491, Time: 00:29:17

Health: -2/41      AC:  4    Str:  4    XL:     8   Next: 74%
Magic:  2/17       EV: 13    Int: 26    God:    Sif Muna [......]
Gold:   343        SH:  0    Dex: 13    Spells: 4/17 levels left

rFire    + . .     SeeInvis .   a - +1 rapier
rCold    x . .     Gourm    +   (no shield)
rNeg     . . .     Faith    .   f - +0 robe
rPois    .         Spirit   .   y - +0 helmet
rElec    .         Reflect  .   H - scarf {cloud immunity}
rCorr    .         Harm     .   (no gloves)
MR       .....                  u - +0 pair of boots
Stlth    +++.......             h - amulet of the gourmand
HPRegen  0.13/turn              j - +3 ring of slaying
MPRegen  0.15/turn              m - ring of fire

@: no status effects
A: no striking features
a: Renounce Religion


You were in a bailey.
You worshipped Sif Muna.
Sif Muna was noncommittal.
You were completely stuffed.

You visited 2 branches of the dungeon, and saw 8 of its levels.
You also visited: Sewer and Bailey.

You collected 343 gold pieces.

Inventory:

Hand Weapons
 a - a +1 rapier (weapon)
Armour
 f - a +0 robe (worn)
 o - a +2 cloak
 u - a +0 pair of boots (worn)
 y - a +0 helmet (worn)
 H - a scarf of cloud immunity (worn)
Magical Staves
 b - an uncursed staff of cold
 v - an uncursed staff of summoning
Jewellery
 h - an amulet of the gourmand (around neck)
 j - a +3 ring of slaying (left hand)
 m - a ring of fire (right hand)
Wands
 p - a wand of paralysis (12/24)
 w - a wand of polymorph (11/24)
 B - a wand of confusion (18/48)
Scrolls
 l - 3 scrolls of remove curse
 n - a scroll of teleportation
 r - a scroll of fear
 E - 2 scrolls of immolation
Potions
 e - 2 potions of flight
 g - a potion of berserk rage
 i - 6 potions of curing
 s - a potion of brilliance
 t - a potion of might {unknown}
 z - 2 potions of lignification {unknown}
Books
 c - a book of Minor Magic

   Spells                             Type                      Level
   a - Magic Dart                     Conjuration                  1
   b - Blink                          Translocation                2
   c - Call Imp                       Summoning                    2
   d - Slow                           Hexes                        2
   e - Conjure Flame                  Conjuration/Fire             3
   f - Mephitic Cloud                 Conjuration/Poison/Air       3
 q - a book of Maledictions

   Spells                             Type                      Level
   a - Corona                         Hexes                        1
   b - Ensorcelled Hibernation        Hexes/Ice                    2
   c - Confuse                        Hexes                        3
   d - Tukima's Dance                 Hexes                        3
   e - Dazzling Spray                 Conjuration/Hexes            3
 x - a book of Cantrips

   Spells                             Type                      Level
   a - Confusing Touch                Hexes                        1
   b - Animate Skeleton               Necromancy                   1
   c - Summon Small Mammal            Summoning                    1
   d - Apportation                    Translocation                1
Comestibles
 d - 8 bread rations
 k - 2 royal jellies
 A - 6 fruits
 C - 8 chunks of flesh
 G - a meat ration


   Skills:
 * Level 4.7 Short Blades
 + Level 1.7 Armour
 - Level 2.4 Dodging
 + Level 5.2 Stealth
 - Level 5.0 Spellcasting
 + Level 5.3 Conjurations
 + Level 3.6 Hexes
   Level 1.1 Summonings
 - Level 3.0 Translocations
 + Level 3.9 Fire Magic
 + Level 3.4 Air Magic
 - Level 3.0 Poison Magic


You had 4 spell levels left.
You knew the following spells:

 Your Spells              Type           Power        Failure   Level  Hunger
a - Magic Dart            Conj           ####         1%          1    None
b - Blink                 Tloc           N/A          3%          2    None
c - Conjure Flame         Conj/Fire      #####...     3%          3    #......
d - Mephitic Cloud        Conj/Pois/Air  ####....     4%          3    #......
e - Apportation           Tloc           ###...       2%          1    None
f - Dazzling Spray        Conj/Hex       ####..       3%          3    #......


Dungeon Overview and Level Annotations

Branches:
Dungeon (7/15)             Temple (1/1) D:7

Altars:
Ashenzari
Cheibriados
Dithmenos
Elyvilon
Fedhas
Gozag
Hepliaklqana
Makhleb
Nemelex Xobeh
Okawaru
Ru
Sif Muna
Trog
Uskayaw
Vehumet
Wu Jian
Xom
Yredelemnul
Zin
The Shining One


Message History

Aim: an orc, wielding a trident and wearing a chain mail (almost dead)
Okay, then.
Casting: Magic Dart
Confirm with . or Enter, or press ? or * to list all spells.
Aiming: Dazzling Spray
Press: ? - help, Shift-Dir - straight line, p - orc The spray of energy hits the centaur.
The centaur is moderately wounded.
The centaur is dazzled.
The centaur throws a javelin of returning.
The javelin of returning hits you!
The weapon returns to the centaur!
The centaur throws a javelin of returning.
The javelin of returning hits you!
* * * LOW HITPOINT WARNING * * *
Unknown command.
Unknown command.
Unknown command.
The centaur throws a javelin of returning.
The javelin of returning hits you!
You die...

≈≈≈....c....≈≈≈
.....≈≈≈≈≈.....
....≈≈...≈≈....
.≈.≈≈.≈.≈.≈≈.≈.
≈≈.≈.≈≈.≈≈.≈.≈≈
≈.≈≈.≈...≈.≈≈.≈
≈.≈.≈≈...≈≈.≈.≈
≈.≈.≈.⌠@⌠.≈.≈.≈
≈.≈.≈..∩..≈.≈.≈
≈.≈.≈.⌠∩⌠.≈.≈.≈
≈.≈.≈≈...≈≈.≈.≈
≈.≈≈.≈...≈.≈≈.≈
≈≈o≈.≈≈≈≈≈.≈o≈≈
o≈.≈≈...c.≈≈.≈o
o≈≈.≈≈≈.≈≈≈.≈≈.
.o≈≈.o≈o≈o.≈≈o.


You could see 2 centaurs and 5 orcs.

Vanquished Creatures
  The ghost of Ordine the Magician, a novice DEWz of Vehumet (D:5)
  A sky beast (D:6)
  The ghost of Ordine the Magician, an amateur DEWz of Sif Muna (D:3)
  3 big kobolds (Sewer)
  3 bullfrogs
  A wyvern skeleton (D:4)
  2 howler monkeys
  A bullfrog zombie (D:5)
  2 crimson imps (D:6)
  5 hounds
  A bullfrog skeleton (D:5)
  An iguana (D:5)
  A jelly (D:5)
  Ijyb (D:3)
  An orc wizard (D:3)
  A worker ant (D:5)
  Robin (D:3)
  4 gnolls (D:6)
  9 adders
  4 river rats
  9 oozes
  2 adder skeletons (D:4)
  11 worms
  2 dart slugs (D:1)
  5 leopard geckos
  22 orcs
  4 ball pythons
  3 giant cockroaches
  18 goblins
  9 hobgoblins
  7 jackals
  2 quokkas
  5 bats
  4 frilled lizards
  A jackal skeleton (D:4)
  7 kobolds
  A quokka skeleton (D:4)
  10 rats
166 creatures vanquished.

Notes
Turn   | Place    | Note
-------+----------+-------------------------------------------
     0 | D:1      | Ordine the Deep Elf Wizard began the quest for the Orb.
     0 | D:1      | Reached XP level 1. HP: 10/10 MP: 7/7
   273 | D:1      | Reached XP level 2. HP: 15/15 MP: 0/9
   291 | D:1      | Learned a level 2 spell: Blink
   838 | D:2      | Reached skill level 5 in Spellcasting
   838 | D:2      | Reached XP level 3. HP: 14/19 MP: 2/11
   843 | D:2      | Learned a level 3 spell: Conjure Flame
   847 | D:2      | Learned a level 3 spell: Mephitic Cloud
  1476 | D:2      | Found a basalt altar of Yredelemnul.
  1484 | D:2      | Found a hazy altar of Hepliaklqana.
  1573 | D:2      | Reached XP level 4. HP: 24/24 MP: 4/13
  1993 | D:3      | You fall through a shaft for 2 floors!
  1993 | D:5      | Entered Level 5 of the Dungeon
  2024 | D:5      | Reached skill level 1 in Poison Magic
  2056 | D:5      | Reached skill level 1 in Short Blades
  2279 | D:4      | Reached skill level 1 in Fire Magic
  2279 | D:4      | Reached skill level 1 in Air Magic
  2279 | D:4      | Reached XP level 5. HP: 28/28 MP: 7/14
  2474 | D:4      | Found a glowing drain.
  2509 | Sewer    | Entered a sewer
  2756 | Sewer    | Reached XP level 6. HP: 21/32 MP: 0/15
  3461 | Sewer    | Reached XP level 7. HP: 32/36 MP: 1/16
  3719 | D:3      | Noticed Ijyb
  3734 | D:3      | Killed Ijyb
  3919 | D:3      | Learned a level 1 spell: Apportation
  3923 | D:3      | Learned a level 3 spell: Dazzling Spray
  4210 | D:3      | Noticed Ordine's ghost (amateur DEWz)
  4225 | D:3      | Killed Ordine's ghost
  4225 | D:3      | Reached skill level 1 in Hexes
  4349 | D:3      | Noticed Robin
  4351 | D:3      | Killed Robin
  4525 | D:3      | Found a blossoming altar of Fedhas.
  5208 | D:4      | Found a white marble altar of Elyvilon.
  5466 | D:5      | Noticed Ordine's ghost (novice DEWz)
  6137 | D:5      | Killed Ordine's ghost
  6137 | D:5      | Reached skill level 5 in Conjurations
  6137 | D:5      | Reached XP level 8. HP: 30/41 MP: 4/17
  6234 | D:5      | Reached skill level 1 in Armour
  6511 | D:6      | Reached skill level 5 in Stealth
  7198 | D:7      | Found a staircase to the Ecumenical Temple.
  7205 | Temple   | Entered the Ecumenical Temple
  7273 | Temple   | Became a worshipper of Sif Muna the Loreminder
  7477 | D:7      | Found a flagged portal.
  7484 | Bailey   | Entered a bailey
  7491 | Bailey   | Hit by a javelin of returning thrown by a centaur

Vault maps used:
D:1:      scummos_arrival_star, roderic_lattice_a
D:2:      minitemple, minivault_5
D:3:      first_bread, fedhas_altar_4, uniq_ijyb, uniq_robin
D:4:      lightli_sewer_entry_pipes, elyvilon_altar_5
D:7:      minmay_the_grid_square_5x5_3x3, nicolae_qazlal_general_emergency,
          temple_fountains, basic_altar, enter_bailey_3, uniq_crazy_yiuf_cottage
Temple:   dpeg_five_rooms_temple
Sewer:    sewer_co_tree
Bailey:   bailey_polearm_flooded_kennysheep, bailey

Skill      XL: |  1  2  3  4  5  6  7  8 |
---------------+-------------------------+-----
Stealth        | 3 4 5 |  5.2
Conjurations   | 2 3 4 5 |  5.3
Spellcasting   | 5 |  5.0
Poison Magic   | 1 2 3 |  3.0
Short Blades   | 1 2 3 4 |  4.7
Fire Magic     | 1 2 3 |  3.9
Air Magic      | 1 2 3 |  3.4
Translocations | 2 3 |  3.0
Hexes          | 2 3 |  3.6
Armour         | 1 |  1.7
Dodging        | |  2.4
Summonings     | |  1.1

Action                   |  1- 3 |  4- 6 |  7- 9 || total
-------------------------+-------+-------+-------++-------
Melee: Short sword       |     1 |     3 |       ||     4
       Rapier            |       |     8 |    19 ||    27
 Cast: Magic Dart        |    85 |   180 |   317 ||   582
       Blink             |       |     2 |     5 ||     7
       Conjure Flame     |       |     1 |     1 ||     2
       Dazzling Spray    |       |       |     2 ||     2
       Mephitic Cloud    |       |       |     1 ||     1
  Use: Scroll            |     1 |     3 |    11 ||    15
       Potion            |       |       |     1 ||     1
  Eat: Chunk             |    11 |     8 |    12 ||    31
Armor: Robe              |     2 |     6 |    26 ||    34
Dodge: Dodged            |     3 |    21 |    57 ||    81
